[Event "IM Marmaris Karia VI 2019"]
[Site "Marmaris"]
[Date "2019.04.25"]
[Round "6.1"]
[White "Morozov, Nichita"]
[Black "Suleymanli, Aydin"]
[Result "0-1"]
[ECO "C13"]
[WhiteElo "2398"]
[BlackElo "2334"]
[Annotator "NA RC"]
[PlyCount "66"]
[EventDate "2019.04.24"]
[EventType "schev"]
[EventCountry "TUR"]
[SourceTitle "playchess.com"]
[Source "ChessBase"]
[SourceQuality "1"]
[TimeControl "5400+30"]

1. d4 Nf6 2. Nc3 e6 3. e4 d5 4. Bg5 dxe4 5. Nxe4 Be7 6. Bxf6 gxf6 7. Nf3 a6 8. Bc4 {[%emt 0:01:30] C13: French: Classical System: 4 Bg5 Be7, Alekhine-Chatard Attack} (8. Qd2 f5 9. Nc3 b5 10. O-O-O b4 11. Ne2 Bb7 12. Kb1 Qd6 13. Ne5 Bd5 14. Qe1 Nd7 15. Nf4 c6 16. Bd3 {0-1 (56) Naiditsch,A (2682)-Harikrishna,P (2737) Douglas 2015}) 8... b5 9. Bb3 Bb7 10. Qe2 $1 Nd7 11. d5 $146 ({Predecessor:} 11. a4 f5 12. Ned2 bxa4 13. Bxa4 O-O 14. O-O c5 15. Rfd1 cxd4 16. Nxd4 {½-½ (28) Pilavov,G (2567)-Pushkov,N (2513) Lugansk 2007}) 11... exd5 12. Ng3 Nc5 13. O-O-O Qd7 14. Rhe1 Ne6 15. Nd4 O-O-O 16. Ngf5 Bb4 17. c3 Nxd4 18. Nxd4 Ba5 19. Bc2 Kb8 20. Qf3 c5 21. Nb3 Bb6 22. Qxf6 Qd6 23. Qxf7 Rhf8 24. Qxh7 Rxf2 25. Qh3 (25. g3 $11) 25... d4 26. cxd4 cxd4 27. Rd2 {[%emt 0:01:30] [#]} (27. Bd3 $17 {was necessary.}) 27... Rxd2 $1 28. Nxd2 d3 29. Bb3 Bc7 $19 30. g4 Qb4 31. a3 Qf4 32. Rd1 Be5 33. Kb1 Qd4 0-1

[Event "IM Marmaris Karia VI 2019"]
[Site "Marmaris"]
[Date "2019.04.25"]
[Round "7.4"]
[White "Arda, Cagil Irmak"]
[Black "Darban, Morteza"]
[Result "0-1"]
[ECO "B03"]
[WhiteElo "2070"]
[BlackElo "2307"]
[Annotator "NA RC"]
[PlyCount "116"]
[EventDate "2019.04.24"]
[EventType "schev"]
[EventCountry "TUR"]
[SourceTitle "playchess.com"]
[Source "ChessBase"]
[SourceQuality "1"]
[TimeControl "5400+30"]

1. e4 Nf6 2. e5 Nd5 3. d4 d6 4. c4 Nb6 5. exd6 cxd6 6. Nc3 g6 7. Be3 Bg7 8. Rc1 O-O 9. b3 e6 {[%emt 0:00:30] B03: Alekhine's Defence: Four Pawns Attack} (9... Bf5 10. Be2 d5 11. c5 Nc8 12. Bf3 e6 13. g4 Be4 14. Nxe4 dxe4 15. Bxe4 Nc6 16. Ne2 N8e7 17. O-O Qd7 {1-0 (34) Corrales Jimenez,F (2559)-Zhao,J (2610) chess.com INT 2019}) 10. Nf3 Nc6 11. Be2 Ne7 12. O-O Bd7 13. Bf4 $146 ({Predecessor:} 13. Qd2 Nf5 14. Bg5 f6 15. Be3 Nxe3 16. Qxe3 e5 17. dxe5 dxe5 {1-0 (35) Jorczik,J (2170)-Nuber,B (2041) Willingen 2006}) 13... Bc6 14. Qd2 Bxf3 15. Bxf3 d5 16. c5 Nbc8 17. Bh6 Nc6 18. Bxg7 Kxg7 19. Qf4 a6 20. Rfd1 h6 21. h4 N8e7 22. g4 Qd7 23. Ne2 f6 24. Qe3 e5 25. g5 Nf5 26. gxh6+ Kh7 27. Qc3 Nfxd4 ({Black should play} 27... Nxh4 $19 28. dxe5 fxe5 29. Bxd5 Qg4+ 30. Qg3 Qxe2 31. Qxh4 Rf4) 28. Ng3 $2 (28. Nxd4 $17 Nxd4 29. Rxd4 exd4 30. Qxd4) 28... Nxf3+ (28... Rad8 $19 {and Black stays clearly on top.} 29. Kg2 f5) 29. Qxf3 Nd4 30. Qe3 Rae8 31. Kg2 (31. Rxd4 {is the only way for White.} exd4 32. Qxd4) 31... Qg4 32. Rh1 $2 (32. c6 bxc6 33. f3 Qxh4 34. Rh1) 32... f5 33. Qg5 Qxg5 34. hxg5 f4 35. Nf1 Rf5 36. f3 Rxg5+ 37. Kf2 Rh5 38. Nh2 Kxh6 39. Ng4+ Kg7 40. Rhe1 e4 41. fxe4 Rxe4 42. Rcd1 Rxe1 43. Rxe1 Nc6 44. Kf3 Rf5 45. Re8 g5 46. Rc8 Rf7 47. Re8 (47. Nf2 {was necessary.}) 47... Re7 48. Rc8 d4 49. Nf2 Ne5+ 50. Kg2 Rd7 51. Re8 Ng6 52. Re1 Rd5 53. Nd3 Kf6 54. b4 Kf5 55. a4 Ne5 56. Nxe5 Rxe5 $19 57. Rxe5+ Kxe5 58. b5 a5 0-1

[Event "IM Marmaris Karia VI 2019"]
[Site "Marmaris"]
[Date "2019.04.25"]
[Round "8.1"]
[White "Simantsev, Mikhail"]
[Black "Suleymanli, Aydin"]
[Result "1/2-1/2"]
[ECO "D14"]
[WhiteElo "2395"]
[BlackElo "2334"]
[Annotator "NA"]
[PlyCount "38"]
[EventDate "2019.04.24"]
[EventType "schev"]
[EventCountry "TUR"]
[SourceTitle "playchess.com"]
[Source "ChessBase"]
[SourceQuality "1"]
[TimeControl "5400+30"]

1. d4 d5 2. c4 c6 3. cxd5 cxd5 4. Nc3 Nf6 5. Nf3 Nc6 6. Bf4 Bf5 7. e3 e6 8. Bd3 Bxd3 9. Qxd3 Bd6 10. Bxd6 Qxd6 11. O-O O-O 12. Rac1 Rac8 13. h3 h6 14. Rfd1 Rfd8 15. Nb5 Qe7 16. Nc3 Qd6 17. Nb5 Qe7 18. Nc3 Qd6 19. Nb5 Qe7 1/2-1/2

[Event "IM Marmaris Karia VI 2019"]
[Site "Marmaris"]
[Date "2019.04.25"]
[Round "8.2"]
[White "Guseynov, Alihan"]
[Black "Mammadova, Narmin"]
[Result "1/2-1/2"]
[ECO "D13"]
[WhiteElo "2340"]
[BlackElo "2292"]
[Annotator "ChessBase"]
[PlyCount "60"]
[EventDate "2019.04.24"]
[EventType "schev"]
[EventCountry "TUR"]
[SourceTitle "playchess.com"]
[Source "ChessBase"]
[SourceQuality "1"]
[TimeControl "5400+30"]

1. d4 d5 2. c4 c6 3. cxd5 cxd5 4. Nf3 Nc6 5. Nc3 Nf6 6. Bf4 e6 7. e3 Bd6 8. Bxd6 Qxd6 9. Bd3 O-O 10. O-O e5 11. Nxe5 Nxe5 12. dxe5 Qxe5 13. h3 Rd8 14. Qf3 Be6 15. Rfd1 Rac8 16. Rac1 h6 17. a3 b6 18. Rc2 d4 19. exd4 Rxd4 20. Qe2 Qxe2 21. Nxe2 Rxc2 22. Bxc2 Rxd1+ 23. Bxd1 Kf8 24. Nd4 Bd7 25. Kf1 Ke7 26. Bb3 Ne4 27. Ke2 Nc5 28. Bc2 Ne6 29. Nxe6 Bxe6 30. Ke3 Kd6 1/2-1/2

[Event "IM Marmaris Karia VI 2019"]
[Site "Marmaris"]
[Date "2019.04.25"]
[Round "8.3"]
[White "Darban, Morteza"]
[Black "Atakishiyev, Elmar"]
[Result "1/2-1/2"]
[ECO "A12"]
[WhiteElo "2307"]
[BlackElo "2114"]
[Annotator "ChessBase"]
[PlyCount "60"]
[EventDate "2019.04.24"]
[EventType "schev"]
[EventCountry "TUR"]
[SourceTitle "playchess.com"]
[Source "ChessBase"]
[SourceQuality "1"]
[TimeControl "5400+30"]

1. Nf3 d5 2. g3 Nf6 3. Bg2 Bf5 4. O-O e6 5. b3 Be7 6. Bb2 O-O 7. c4 c6 8. d3 h6 9. Nbd2 Nbd7 10. Rc1 a5 11. a3 Bh7 12. Rc2 Rc8 13. Qa1 Qb6 14. cxd5 cxd5 15. Rxc8 Rxc8 16. Rc1 Rxc1+ 17. Qxc1 Qc5 18. Qxc5 Nxc5 19. Ne5 Nfd7 20. Nxd7 Nxd7 21. Kf1 Kf8 22. Ke1 Bf6 23. Bxf6 Nxf6 24. d4 Bc2 25. e3 Ke7 26. Bf3 Kd6 27. h3 Nd7 28. Bd1 Bd3 29. Be2 Bc2 30. Bd1 Bd3 1/2-1/2

[Event "IM Marmaris Karia VI 2019"]
[Site "Marmaris"]
[Date "2019.04.25"]
[Round "8.4"]
[White "Morozov, Nichita"]
[Black "Arda, Cagil Irmak"]
[Result "1/2-1/2"]
[ECO "E17"]
[WhiteElo "2398"]
[BlackElo "2070"]
[Annotator "NA"]
[PlyCount "111"]
[EventDate "2019.04.24"]
[EventType "schev"]
[EventCountry "TUR"]
[SourceTitle "playchess.com"]
[Source "ChessBase"]
[SourceQuality "1"]
[TimeControl "5400+30"]

1. d4 Nf6 2. c4 e6 3. g3 Be7 4. Nf3 b6 5. Bg2 Bb7 6. O-O O-O 7. d5 exd5 8. Nh4 Ne4 9. cxd5 Bxh4 {[%emt 0:02:30] E17: Queen's Indian: 4 g3 Bb7 5 Bg2 Be7} 10. Bxe4 Bf6 11. Qc2 g6 12. Bg2 d6 13. Nc3 Nd7 (13... Re8 14. Ne4 Bg7 15. Bg5 f6 16. Bd2 Nd7 17. Rac1 {½-½ (53) Donchenko,A (2610)-Khmelniker,I (2492) Douglas 2018}) 14. b3 $146 ({Predecessor:} 14. Bd2 a5 15. a3 Ba6 16. Rfe1 Re8 17. Rac1 {1-0 (32) Szustakowski,A (2125)-Cirovic,M (1943) Prague 2016}) 14... a5 15. Bb2 Bg7 16. a3 f5 17. Nb5 Bxb2 18. Qxb2 Nf6 19. Rac1 Rc8 20. Rfd1 Qe7 21. e3 Qf7 22. Qd4 Ba6 23. Na7 c5 24. dxc6 Qxa7 25. Qxd6 Qc7 26. Qe6+ Qf7 27. Qe5 Qc7 28. Qb2 Rf7 29. b4 axb4 30. axb4 Bb5 31. h4 Ne4 32. Qa2 Qe7 33. Qd5 Qxb4 34. Rb1 Qc5 35. Qxc5 bxc5 36. Rxb5 Rxc6 37. Rc1 c4 38. g4 Rc8 $14 39. Bxe4 fxe4 40. Rc3 Rd7 41. Rb1 Rd3 42. Rc2 c3 43. Kf1 Rc4 44. Ke2 Rd7 45. Rb3 Rdc7 46. Rb6 Kf7 47. h5 gxh5 48. gxh5 R4c6 49. Rb8 Rc8 50. Rb4 Rc4 51. Rb1 Kg7 52. f3 exf3+ 53. Kxf3 Kh6 54. Rbc1 R8c5 55. Ke2 Kxh5 56. Kd3 1/2-1/2

[Event "IM Marmaris Karia VI 2019"]
[Site "Marmaris"]
[Date "2019.04.25"]
[Round "8.5"]
[White "Sibashvili, Giorgi"]
[Black "Kizilkus, Akin"]
[Result "1/2-1/2"]
[ECO "E73"]
[WhiteElo "2398"]
[BlackElo "2018"]
[Annotator "NA"]
[PlyCount "61"]
[EventDate "2019.04.24"]
[EventType "schev"]
[EventCountry "TUR"]
[SourceTitle "playchess.com"]
[Source "ChessBase"]
[SourceQuality "1"]
[TimeControl "5400+30"]

1. d4 Nf6 2. c4 g6 3. Nc3 Bg7 4. e4 d6 5. Be2 O-O 6. Bg5 Na6 7. h4 e5 8. d5 h6 9. Be3 Nc5 10. Qc2 c6 {[%emt 0:00:30] E73: King's Indian: Averbakh Variation without 6...c5} 11. h5 cxd5 12. cxd5 Qa5 13. Kf1 Bd7 14. hxg6 fxg6 15. Bxh6 ({Better is} 15. Nf3 $15) 15... Bxh6 16. Rxh6 Kg7 17. Rh4 {[%emt 0:05:30] [#]} g5 $146 ({Predecessor:} 17... b5 18. b4 Qxb4 {1-0 (41) Raetsky,A (2450)-Golubev,M (2545) Luzern 1994}) 18. Rh1 g4 19. f3 b5 20. Qd2 b4 21. Qg5+ Kf7 22. Rh6 Ke7 23. Nd1 Nb3 24. axb3 Qxa1 25. Ke1 {[%emt 0:19:09] [#]} Qb1 $11 (25... Rac8 $1 $17 26. Bd3 gxf3 27. Nxf3 Qc1 28. Qxc1 Rxc1) 26. Bc4 Rf7 27. Rxf6 Rxf6 28. Qg7+ Rf7 29. Qg5+ Rf6 30. Qg7+ Rf7 31. Qg5+ 1/2-1/2

[Event "IM Marmaris Karia VI 2019"]
[Site "Marmaris"]
[Date "2019.04.25"]
[Round "9.2"]
[White "Mammadova, Narmin"]
[Black "Darban, Morteza"]
[Result "1-0"]
[ECO "A07"]
[WhiteElo "2292"]
[BlackElo "2307"]
[Annotator "NA"]
[PlyCount "53"]
[EventDate "2019.04.24"]
[EventType "schev"]
[EventCountry "TUR"]
[SourceTitle "playchess.com"]
[Source "ChessBase"]
[SourceQuality "1"]
[TimeControl "5400+30"]

1. e4 c6 2. d3 g6 3. g3 Bg7 4. Bg2 d5 5. Nd2 Nf6 6. Ngf3 O-O 7. O-O dxe4 8. dxe4 Nbd7 9. Qe2 a5 {[%emt 0:04:30] A07: Réti Opening: New York and Capablanca Systems} (9... e5 10. Nc4 Qc7 11. Rd1 Ne8 12. a4 Nb6 13. Na5 f6 14. Be3 Be6 15. Nd2 Rf7 16. Nab3 Nd7 17. h4 f5 18. f4 Nef6 19. fxe5 Nxe5 {½-½ (83) Lind,J (2244)-Al Hadarani,H (2285) Lidkoping 2017}) 10. Rd1 Qc7 11. a4 e5 $146 ({Predecessor:} 11... Nc5 12. Nc4 Nfd7 13. Bf4 e5 14. Bg5 f6 15. Bc1 b6 16. Nfd2 Ba6 17. b3 {0-1 (30) Lombard,A-Lewi,J Athens 1969}) 12. b3 Ne8 (12... b5 $11 {keeps the balance.}) 13. Ba3 c5 14. Nc4 f6 15. Rd3 b6 (15... Rf7 $16) 16. Rad1 (16. Bh3 $18) 16... Rf7 17. Bh3 Nf8 18. Bxc8 Rxc8 19. c3 $16 Rd7 20. Rxd7 Nxd7 21. Rxd7 Qxd7 22. Nxb6 Qe6 23. Nxc8 Qxc8 24. Qc4+ Kh8 25. Bxc5 Qd7 26. Kg2 h6 27. Qb5 1-0

[Event "IM Marmaris Karia VI 2019"]
[Site "Marmaris"]
[Date "2019.04.25"]
[Round "9.4"]
[White "Arda, Cagil Irmak"]
[Black "Sibashvili, Giorgi"]
[Result "1/2-1/2"]
[ECO "C07"]
[WhiteElo "2070"]
[BlackElo "2398"]
[Annotator "NA RC"]
[PlyCount "85"]
[EventDate "2019.04.24"]
[EventType "schev"]
[EventCountry "TUR"]
[SourceTitle "playchess.com"]
[Source "ChessBase"]
[SourceQuality "1"]
[TimeControl "5400+30"]

1. e4 e6 2. d4 d5 3. Nd2 c5 4. exd5 Qxd5 5. Ngf3 cxd4 6. Bc4 Qd8 7. O-O Nc6 8. Nb3 a6 {[%emt 0:00:30] C07: French Tarrasch: 3...c5, 4 Ngf3 and 4 exd5 Qxd5} 9. Nbxd4 Nxd4 10. Nxd4 Qc7 11. Bb3 Bd6 12. Qh5 Nf6 13. Qh4 Bd7 14. Bg5 {[%emt 0:00:00] [#]} h6 $146 ({Predecessor:} 14... O-O-O 15. Rad1 h6 16. Bxf6 gxf6 {½-½ (24) Navara,D (2737)-Harikrishna,P (2737) Biel 2017}) 15. Bxf6 gxf6 16. Qxf6 (16. Rad1 $11) 16... Bxh2+ 17. Kh1 Qe5 ({Black should try} 17... Be5 $17 18. Qh4 Bxd4 19. Qxd4 O-O-O) 18. Qh4 Bf4 19. Nf3 Qf5 $1 20. Rad1 Rg8 21. Rd3 $2 (21. Nd4 $17 Qg5 22. Qxg5 hxg5 23. Kg1) 21... Qg4 $11 ({Black should try} 21... Bb5 $19 22. g3 Bxd3 23. cxd3 Qxd3) 22. Qxg4 Rxg4 23. g3 Bc7 24. Re1 Bc6 25. Kg1 Rd8 26. Rxd8+ Kxd8 27. Ne5 Bxe5 28. Rxe5 Rd4 29. f4 Rd2 30. Kf1 Rg2 31. Re3 b5 32. Rc3 Bb7 33. a4 b4 34. Rd3+ Kc7 35. a5 h5 36. Ba4 Kc8 37. Bd7+ Kc7 38. Ba4 Kc8 39. Bd7+ Kb8 40. Ba4 Kc8 41. Bd7+ Kb8 42. Ba4 Kc8 43. Bd7+ 1/2-1/2

[Event "IM Marmaris Karia VI 2019"]
[Site "Marmaris"]
[Date "2019.04.25"]
[Round "10.1"]
[White "Darban, Morteza"]
[Black "Suleymanli, Aydin"]
[Result "1/2-1/2"]
[ECO "D20"]
[WhiteElo "2307"]
[BlackElo "2334"]
[Annotator "NA"]
[PlyCount "26"]
[EventDate "2019.04.24"]
[EventType "schev"]
[EventCountry "TUR"]
[SourceTitle "playchess.com"]
[Source "ChessBase"]
[SourceQuality "1"]
[TimeControl "5400+30"]

1. d4 d5 2. c4 dxc4 3. e4 Nf6 4. e5 Nd5 5. Bxc4 Nb6 6. Bb3 Nc6 7. Nf3 Bg4 8. Ng5 Bxd1 9. Bxf7+ Kd7 10. Be6+ Ke8 11. Bf7+ Kd7 12. Be6+ Ke8 13. Bf7+ Kd7 1/2-1/2